 Dungeon Crawl Stone Soup version 0.21.1-1-g345015fe64 (webtiles) character file.

1254 Htamos the Cleaver (level 8, 0/62 HPs)
             Began as a Formicid Berserker on July 3, 2018.
             Was a Priest of Trog.
             Slain by an orc warrior
             ... wielding a +0 glaive
              (6 damage)
             ... on level 6 of the Dungeon.
             The game lasted 00:15:42 (5620 turns).

Htamos the Cleaver (Formicid Berserker)             Turns: 5620, Time: 00:15:43

Health: 0/62       AC: 12    Str: 23    XL:     8   Next: 80%
Magic:  8/8        EV:  8    Int:  8    God:    Trog [***...]
Gold:   343        SH:  0    Dex: 10    Spells: 7/7 levels left

rFire    . . .     SeeInvis +   x - +0 war axe
rCold    . . .     Gourm    .   (no shield)
rNeg     . . .     Faith    .   n - +1 chain mail
rPois    .         Spirit   .   (helmet unavailable)
rElec    .         Reflect  .   g - +0 cloak
rCorr    .         Harm     .   (no gloves)
MR       .....                  (no boots)
Stlth    ..........             (no amulet)
HPRegen  0.20/turn              (no ring)
MPRegen  0.11/turn              (no ring)

@: no status effects
A: permanent stasis, dig shafts and tunnels, four strong arms, antennae 3
a: Dig, Shaft Self, Trog's Hand, Burn Spellbooks, Renounce Religion


You were on level 6 of the Dungeon.
You worshipped Trog.
Trog was most pleased with you.
You were not hungry.

You visited 1 branch of the dungeon, and saw 6 of its levels.

You collected 343 gold pieces.

Inventory:

Hand Weapons
 a - a +1 hand axe
 h - a +0 mace
 x - a +0 war axe (weapon)
Missiles
 q - a throwing net (quivered)
Armour
 g - a +0 cloak (worn)
 n - a +1 chain mail (worn)
 w - a +0 buckler
Jewellery
 m - a cursed ring of teleportation
Wands
 t - a wand of flame (25)
 u - a wand of disintegration (1)
 y - a wand of polymorph (16)
 C - a wand of iceblast (8)
Scrolls
 f - 2 scrolls of identify
 j - 3 scrolls of enchant weapon
 o - a scroll of magic mapping
 r - 2 scrolls of enchant armour
 v - a scroll of blinking {unknown}
Potions
 b - a potion of curing
 d - a potion of might
 e - a potion of lignification
 i - a potion of resistance {unknown}
 k - a potion of invisibility {unknown}
 l - 4 potions of brilliance {unknown}
 p - a potion of flight {unknown}
 s - 3 potions of degeneration {unknown}
 z - 2 potions of heal wounds {unknown}
 A - a potion of mutation {unknown}
Comestibles
 c - 9 rations


   Skills:
 + Level 5.1 Fighting
 * Level 8.8 Axes
 + Level 5.1 Armour
 - Level 1.7 Dodging


You had 7 spell levels left.
You didn't know any spells.

Dungeon Overview and Level Annotations

Branches:
Dungeon (6/15)
 Temple: D:4-7

Altars:
Fedhas
Kikubaaqudgha
Nemelex Xobeh
Qazlal
Sif Muna
Uskayaw
Zin


Innate Abilities, Weirdness & Mutations

You cannot be hasted, slowed, berserked, paralysed or teleported.
You can dig through walls and to a lower floor.
Your four strong arms can wield two-handed weapons with a shield.
You have a pair of large antennae on your head. (SInv)


Message History

You hit the orc priest.
The orc priest is almost dead.
The orc priest hits you but does no damage.
The orc warrior barely misses you.
You slash the orc priest!
You kill the orc priest!
Trog accepts your kill. The orc warrior barely misses you.
You closely miss the orc wizard. The orc wizard barely misses you.
The orc warrior hits you from afar with a glaive.
You barely miss the orc wizard. The orc wizard completely misses you.
You hit the orc wizard but do no damage.
The orc warrior hits you from afar with a glaive!!
* * * LOW HITPOINT WARNING * * *
The orc wizard gestures wildly while chanting.
The orc wizard blinks!
You closely miss the orc wizard.
The orc wizard hits you but does no damage.
The orc warrior hits you from afar with a glaive.
You die...

#.# #.#
..... ..#.#
..... .....
....!.#.#.#
....)_#.#.#
....%.#.#o#
...o....#@#
.....o..#)#
.8.8o8...o#
.?........#
........#<#
###########


You could see an orc warrior and an orc wizard.

Vanquished Creatures
  Sigmund (D:2)
  Eustachio (D:4)
  A phantom (D:4)
  A scorpion (D:4)
  A howler monkey (D:5)
  A crimson imp (D:5)
  2 hounds (D:5)
  A jelly (D:5)
  3 orc priests
  Ijyb (D:5)
  Terence (D:1)
  5 orc wizards
  5 worker ants
  A hound skeleton (D:4)
  Robin (D:3)
  3 gnolls (D:2)
  8 adders
  A shadow imp (D:5)
  A worm (D:4)
  2 dart slugs
  4 leopard geckos
  11 orcs
  10 bats
  3 giant cockroaches
  16 goblins
  13 hobgoblins
  6 jackals
  3 kobolds
  A quokka (D:4)
  2 ball pythons
  5 frilled lizards
  8 rats
123 creatures vanquished.

Vanquished Creatures (others)
  An orc wizard (D:5)
1 creature vanquished.

Grand Total: 124 creatures vanquished

Notes
Turn   | Place    | Note
-------+----------+-------------------------------------------
     0 | D:1      | Htamos the Formicid Berserker began the quest for the Orb.
     0 | D:1      | Reached XP level 1. HP: 18/18 MP: 1/1
     1 | D:1      | Found a sparkling altar of Nemelex Xobeh.
   194 | D:1      | Reached XP level 2. HP: 23/24 MP: 2/2
   609 | D:1      | Reached XP level 3. HP: 29/29 MP: 3/3
   852 | D:2      | Reached skill level 4 in Axes
  1021 | D:2      | Reached ** piety under Trog
  1061 | D:2      | Reached XP level 4. HP: 25/37 MP: 4/4
  1391 | D:2      | Noticed Terence
  1427 | D:1      | Killed Terence
  1567 | D:1      | You fall through a shaft!
  1585 | D:2      | Reached XP level 5. HP: 41/42 MP: 5/5
  1885 | D:2      | Reached skill level 5 in Axes
  1901 | D:2      | Noticed Sigmund
  2059 | D:2      | Killed Sigmund
  2059 | D:2      | Reached XP level 6. HP: 33/48 MP: 6/6
  2214 | D:2      | Reached skill level 6 in Axes
  2594 | D:3      | Found a stormy altar of Qazlal.
  2624 | D:3      | Found a blossoming altar of Fedhas.
  2766 | D:3      | Reached XP level 7. HP: 52/54 MP: 7/7
  3255 | D:4      | Noticed Robin
  3273 | D:3      | Killed Robin
  3302 | D:4      | Found a glowing silver altar of Zin.
  3354 | D:4      | Reached *** piety under Trog
  3743 | D:4      | Reached skill level 7 in Axes
  4119 | D:4      | Noticed Eustachio
  4193 | D:4      | Killed Eustachio
  4193 | D:4      | Reached XP level 8. HP: 26/61 MP: 8/8
  4567 | D:4      | Found an ancient bone altar of Kikubaaqudgha.
  4691 | D:5      | Entered Level 5 of the Dungeon
  4868 | D:5      | Reached skill level 8 in Axes
  4887 | D:5      | Noticed Ijyb
  4927 | D:5      | Killed Ijyb
  5095 | D:5      | Reached skill level 5 in Armour
  5173 | D:5      | Reached skill level 5 in Fighting
  5221 | D:5      | Found a sand-covered staircase.
  5244 | D:5      | Found a deep blue altar of Sif Muna.
  5600 | D:6      | Found a hide-covered altar of Uskayaw.
  5620 | D:6      | Slain by an orc warrior

Skill      XL: |  1  2  3  4  5  6  7  8 |
---------------+-------------------------+-----
Axes           | 4 5 6 7 8 |  8.8
Armour         | 3 4 5 |  5.1
Fighting       | 4 5 |  5.1
Dodging        | |  1.7

Action                   |  1- 3 |  4- 6 |  7- 9 || total
-------------------------+-------+-------+-------++-------
Melee: Hand axe          |    96 |   141 |   341 ||   578
       War axe           |       |       |    24 ||    24
Invok: Trog's Hand       |       |       |     1 ||     1
  Use: Scroll            |       |     8 |       ||     8
       Potion            |       |     2 |       ||     2
  Eat: Chunk             |       |     6 |    10 ||    16
Armor: Ring mail         |    16 |       |       ||    16
       Chain mail        |    25 |    84 |   199 ||   308
Dodge: Dodged            |    59 |    68 |   137 ||   264
